 Dungeon Crawl Stone Soup version 0.19.0-19-g8c6edcc (webtiles) character file.

7640 tboon the Blocker (level 11, -2/89 HPs)
             Began as a Formicid Fighter on Nov 15, 2016.
             Was a Priest of Okawaru.
             Slain by a seven-headed hydra (8 damage)
             ... on level 2 of the Lair of Beasts.
             The game lasted 00:28:50 (11860 turns).

tboon the Blocker (Formicid Fighter)               Turns: 11860, Time: 00:28:51

Health: -2/89      AC: 24    Str: 21    XL:     11   Next: 41%
Magic:  14/14      EV:  9    Int:  8    God:    Okawaru [***...]
Gold:   136        SH: 12    Dex: 13    Spells: 0 memorised, 10 levels left

rFire  . . .     SeeInvis +     d - +1 flail (protect)
rCold  . . .     Gourm    .     k - +0 plate armour
rNeg   . . .     Faith    .     c - +0 shield
rPois  +         Spirit   .     (helmet unavailable)
rElec  .         Reflect  .     x - +0 cloak
rCorr  .         Harm     .     e - +0 pair of gloves
MR     +....                    (no boots)
Stlth  ..........               (no amulet)
                                j - ring of poison resistance {rPois, !d}
                                C - +3 ring of evasion

@: protection aura
A: permanent stasis, dig shafts and tunnels, four strong arms, antennae 3
a: Dig, Shaft Self, Heroism, Renounce Religion


You were on level 2 of the Lair of Beasts.
You worshipped Okawaru.
Okawaru was most pleased with you.
You were not hungry.

You visited 3 branches of the dungeon, and saw 12 of its levels.
You also visited: Sewer.

You collected 332 gold pieces.
You spent 196 gold pieces at shops.

Inventory:

Hand Weapons
 a - a +1 war axe
 d - a +1 flail of protection (weapon)
   (You took it off Edmund on level 5 of the Dungeon)
 R - a +0 war axe
   (You found it on level 1 of the Lair of Beasts)
Missiles
 u - 2 throwing nets {=f, !d}
Armour
 c - a +0 shield (worn)
 e - a +0 pair of gloves (worn)
   (You found it on level 6 of the Dungeon)
 k - a +0 plate armour (worn)
   (You took it off a kobold on level 1 of the Dungeon)
 x - a +0 cloak (worn)
   (You found it on level 6 of the Dungeon)
 D - the +1 scale mail of the Eternal Fruit {rElec rF+}
   (You found it on level 8 of the Dungeon)

   It protects you from fire.
   It insulates you from electricity.
 M - the cursed +0 ring mail of the Tundras {rElec Str+2, unknown}
   (You found it on level 1 of the Lair of Beasts)

   It affects your strength (+2).
   It insulates you from electricity.
   It has a curse placed upon it.
Jewellery
 j - a ring of poison resistance (right hand) {rPois, !d}
   (You found it on level 7 of the Dungeon)
 s - an uncursed ring of magical power {MP+9}
   (You found it on level 6 of the Dungeon)
 C - a +3 ring of evasion (left hand)
   (You found it on level 7 of the Dungeon)
 H - an uncursed ring of protection from cold {unknown}
   (You found it on level 9 of the Dungeon)
 K - a cursed -2 ring of protection {unknown}
   (You found it on level 9 of the Dungeon)
 N - a +4 ring of strength {unknown}
   (You found it on level 1 of the Lair of Beasts)
Wands
 A - a wand of lightning (5/15)
   (You found it on level 8 of the Dungeon)
 J - a wand of polymorph (18/24)
   (You found it on level 9 of the Dungeon)
 O - a wand of flame (20/48)
   (You found it on level 1 of the Lair of Beasts)
 P - a wand of acid (11/15)
   (You found it on level 1 of the Lair of Beasts)
Scrolls
 i - a scroll of recharging {unknown}
 l - 7 scrolls of identify
 m - 3 scrolls of fear
 n - 2 scrolls of random uselessness {unknown}
 o - a scroll of magic mapping {!r}
 p - a scroll of blinking {unknown}
 q - 2 scrolls of enchant weapon
 t - a scroll of enchant armour {unknown}
 w - 6 scrolls of remove curse
 y - 2 scrolls of amnesia {unknown}
 E - 3 scrolls of noise {unknown}
 F - a scroll of immolation {unknown}
 G - 3 scrolls of fog {unknown}
 T - 2 scrolls of silence {unknown}
Potions
 b - 2 potions of curing
 g - a potion of agility {unknown}
 r - 5 potions of flight
 v - a potion of cancellation
 z - a potion of brilliance
 L - a potion of magic {unknown}
 Q - a potion of degeneration {unknown}
 S - a potion of heal wounds
Miscellaneous
 I - a phantom mirror
Comestibles
 f - 6 bread rations
 h - 5 meat rations
 B - 6 beef jerkies


   Skills:
 + Level 9.5 Fighting
 * Level 9.3 Axes
 + Level 9.3 Armour
 + Level 10.3 Shields
 + Level 4.2 Invocations


You had 10 spell levels left.
You didn't know any spells.

Dungeon Overview and Level Annotations

Branches:
Dungeon (9/15)             Temple (1/1) D:7            Lair (2/6) D:9
  Swamp: Lair:2-4    Shoals: Lair:2-4     Snake: Lair:2-4    Spider: Lair:2-4
    Orc: D:9-12

Altars:
Ashenzari
Elyvilon
Fedhas
Gozag
Hepliaklqana
Kikubaaqudgha
Makhleb
Nemelex Xobeh
Okawaru
Qazlal
Sif Muna
Trog
Vehumet
Xom
Yredelemnul
Zin
The Shining One

Shops:
D:6 [   D:7 [[:%   D:8 *

Annotations:
D:4 Esekla's ghost, novice OpAM
D:8 TwistedFlax's ghost, novice GrBe


Innate Abilities, Weirdness & Mutations

You are under a permanent stasis effect.
You can dig through walls and to a lower floor.
Your four strong arms can wield two-handed weapons with a shield.
You have a pair of large antennae on your head. (SInv)


Message History

The seven-headed hydra closely misses you.
The seven-headed hydra bites you.
You hear a loud, deep croak!
A blink frog comes into view.
You sock the seven-headed hydra!
The seven-headed hydra is moderately wounded.
The seven-headed hydra barely misses you.
The seven-headed hydra bites you!
You block the seven-headed hydra's attack.
The seven-headed hydra bites you but does no damage.
You block the seven-headed hydra's attack.
The seven-headed hydra barely misses you.
The seven-headed hydra bites you but does no damage.
The blink frog moves out of view.
You thump the seven-headed hydra!
The seven-headed hydra is heavily wounded.
The seven-headed hydra bites you but does no damage.
The seven-headed hydra closely misses you.
You block the seven-headed hydra's attack. x3
The seven-headed hydra closely misses you. x2
You sock the seven-headed hydra!
The seven-headed hydra is severely wounded.
You hear a croak.
You block the seven-headed hydra's attack.
The seven-headed hydra bites you.
The seven-headed hydra bites you but does no damage.
You block the seven-headed hydra's attack.
The seven-headed hydra bites you but does no damage. x2
The seven-headed hydra bites you.
You hit the seven-headed hydra.
The seven-headed hydra is severely wounded.
The seven-headed hydra bites you but does no damage.
You block the seven-headed hydra's attack.
The seven-headed hydra bites you but does no damage.
The seven-headed hydra bites you.
The seven-headed hydra closely misses you. x2
You block the seven-headed hydra's attack. 2 blink frogs come into view.
You hit the seven-headed hydra.
The seven-headed hydra is severely wounded.
You block the seven-headed hydra's attack.
The seven-headed hydra bites you but does no damage.
The seven-headed hydra bites you!
The seven-headed hydra bites you but does no damage. x2
The seven-headed hydra bites you.
The seven-headed hydra bites you but does no damage.
The blink frog moves out of view.
A blink frog comes into view.
The blink frog gives a loud, deep croak!
You hit the seven-headed hydra but do no damage.
The seven-headed hydra is severely wounded.
The blink frog blinks!
The seven-headed hydra barely misses you.
You block the seven-headed hydra's attack.
The seven-headed hydra bites you but does no damage.
You block the seven-headed hydra's attack.
The seven-headed hydra completely misses you.
The seven-headed hydra closely misses you.
The seven-headed hydra bites you but does no damage.
The blink frog blinks!
The seven-headed hydra barely misses you. x3
The seven-headed hydra bites you but does no damage.
The seven-headed hydra barely misses you.
The seven-headed hydra bites you but does no damage. x2
You barely miss the seven-headed hydra.
The seven-headed hydra is severely wounded.
The seven-headed hydra bites you.
You block the seven-headed hydra's attack. x2
The seven-headed hydra bites you! x2
* * * LOW HITPOINT WARNING * * *
The seven-headed hydra bites you but does no damage. x2
You sock the seven-headed hydra!
The seven-headed hydra is severely wounded.
The blink frog blinks!
The seven-headed hydra bites you.
* * * LOW HITPOINT WARNING * * *
The seven-headed hydra bites you!
* * * LOW HITPOINT WARNING * * *
The seven-headed hydra closely misses you.
You block the seven-headed hydra's attack.
The seven-headed hydra closely misses you.
The seven-headed hydra bites you but does no damage. x2
You hit the seven-headed hydra.
The seven-headed hydra is almost dead.
You block the seven-headed hydra's attack.
The seven-headed hydra bites you but does no damage. x2
The seven-headed hydra bites you!
* * * LOW HITPOINT WARNING * * *
The seven-headed hydra barely misses you.
The seven-headed hydra bites you.
* * * LOW HITPOINT WARNING * * *
The seven-headed hydra bites you but does no damage.
You hit the seven-headed hydra.
The seven-headed hydra is almost dead.
The blink frog blinks!
The seven-headed hydra barely misses you.
The seven-headed hydra bites you but does no damage.
The seven-headed hydra barely misses you.
You block the seven-headed hydra's attack.
The seven-headed hydra bites you!
You die...

.......................#.#
........................#
.....#.#...............##
.....8.##..........>....#
..#.....#..................
..#8.<.8...........F........
..#.........................
..#....##...................
#..##+## ...#..#@...........
### ##....D##.........
#.###.FF#........ . ..ยง.
....... .F8.. .......
#...... ..... #.##... ....
## ....


You could see a seven-headed hydra and 3 blink frogs.

Vanquished Creatures
  The ghost of CompileTime the Slasher, a novice GrMo (D:6)
  A black mamba (Lair:2)
  4 spiny frogs
  2 hippogriffs
  13 yaks
  A wyvern (D:9)
  Sigmund (D:3)
  A hungry ghost (D:9)
  A basilisk (Lair:2)
  Edmund (D:5)
  2 water moccasins
  2 orc warriors (D:9)
  An ice beast (D:7)
  3 ogres
  2 phantoms
  A black bear (D:8)
  2 centaurs
  A crocodile (Lair:1)
  A big kobold (Sewer)
  4 bullfrogs
  A gnoll sergeant (D:5)
  2 scorpions
  6 wights
  A howler monkey (D:5)
  3 crimson imps
  A bullfrog zombie (D:9)
  5 hounds
  A centaur zombie (D:5)
  Crazy Yiuf (D:6)
  An orc priest (D:9)
  3 orc wizards
  2 iguanas
  3 worker ants
  2 hound zombies
  A hound skeleton (D:4)
  6 gnolls
  A worker ant zombie (D:7)
  10 adders
  A river rat (Sewer)
  2 shadow imps
  An adder skeleton (D:4)
  A worm (D:3)
  4 dart slugs
  4 leopard geckos
  7 orcs
  8 giant cockroaches
  4 goblins
  8 hobgoblins
  17 jackals
  4 quokkas
  A ball python (D:1)
  9 bats
  7 frilled lizards
  2 goblin zombies (D:5)
  10 kobolds
  A leopard gecko zombie (D:6)
  12 rats
198 creatures vanquished.

Vanquished Creatures (others)
  A fungus (Lair:1)
  A plant (D:5)
  4 toadstools (D:1)
6 creatures vanquished.

Grand Total: 204 creatures vanquished

Notes
Turn   | Place    | Note
-------+----------+-------------------------------------------
     0 | D:1      | tboon the Formicid Fighter began the quest for the Orb.
     0 | D:1      | Reached XP level 1. HP: 18/18 MP: 1/1
    22 | D:1      | Reached XP level 2. HP: 10/24 MP: 2/2
   273 | D:1      | Reached skill level 4 in Shields
   338 | D:1      | Reached XP level 3. HP: 25/29 MP: 3/3
   899 | D:2      | Reached XP level 4. HP: 34/37 MP: 4/4
  1697 | D:3      | Reached skill level 3 in Axes
  1759 | D:3      | Reached skill level 4 in Fighting
  1849 | D:3      | Reached XP level 5. HP: 33/42 MP: 5/5
  2031 | D:3      | Found a basalt altar of Yredelemnul.
  2153 | D:3      | Found a glowing drain.
  2157 | D:3      | Reached skill level 4 in Armour
  2167 | Sewer    | Entered a sewer
  2241 | Sewer    | Noticed a big kobold
  2260 | Sewer    | Killed a big kobold
  2260 | Sewer    | Reached XP level 6. HP: 45/49 MP: 6/6
  2278 | Sewer    | Found a glowing silver altar of Zin.
  2472 | D:3      | Noticed Sigmund
  2487 | D:3      | Killed Sigmund
  2487 | D:3      | Reached skill level 4 in Axes
  2487 | D:3      | Reached skill level 5 in Shields
  2487 | D:3      | Reached XP level 7. HP: 55/55 MP: 7/7
  2845 | D:4      | Reached skill level 5 in Armour
  3415 | D:4      | Noticed Esekla's ghost (novice OpAM)
  3620 | D:4      | Reached skill level 5 in Fighting
  3774 | D:5      | Entered Level 5 of the Dungeon
  3883 | D:5      | Noticed Edmund
  3896 | D:5      | Killed Edmund
  3939 | D:5      | Reached XP level 8. HP: 63/63 MP: 8/8
  3964 | D:5      | HP: 14/63 [gnoll (6)]
  3970 | D:5      | HP: 12/64 [centaur (4)]
  3971 | D:5      | Reached skill level 5 in Axes
  3971 | D:5      | Reached skill level 6 in Shields
  3973 | D:5      | Reached skill level 6 in Armour
  4467 | D:5      | Noticed a hippogriff
  4472 | D:5      | Reached skill level 6 in Fighting
  4483 | D:5      | Killed a hippogriff
  5410 | D:6      | Noticed CompileTime's ghost (novice GrMo)
  5442 | D:6      | HP: 16/65 [CompileTime's ghost (5)]
  5447 | D:6      | HP: 13/65 [CompileTime's ghost (3)]
  5482 | D:6      | Killed CompileTime's ghost
  5482 | D:6      | Reached skill level 7 in Fighting
  5482 | D:6      | Reached skill level 6 in Axes
  5482 | D:6      | Reached skill level 7 in Shields
  5482 | D:6      | Reached XP level 9. HP: 24/72 MP: 9/9
  5834 | D:6      | Found Tomyopn's Armour Shop.
  5926 | D:6      | Reached skill level 7 in Armour
  6255 | D:6      | Found a runed door.
  6390 | D:6      | Noticed Crazy Yiuf
  6395 | D:6      | Killed Crazy Yiuf
  6562 | D:7      | Reached skill level 8 in Shields
  6586 | D:7      | Found Roplek's Book Emporium.
  6610 | D:7      | Found Dyxatuex's Armour Shoppe.
  6678 | D:7      | Found a staircase to the Ecumenical Temple.
  6697 | Temple   | Entered the Ecumenical Temple
  6806 | Temple   | Became a worshipper of Warmaster Okawaru
  6911 | D:7      | Found Pacionass's Antique Armour Boutique.
  7007 | D:7      | Found Vemnol's Food Shoppe.
  7153 | D:7      | Found a burning altar of Makhleb.
  7153 | D:7      | Found a deep blue altar of Sif Muna.
  7471 | D:8      | Got a pitted scale mail
  7516 | D:8      | Found Otyreg's General Store.
  7525 | D:8      | Bought a potion of curing for 42 gold pieces
  7525 | D:8      | Bought 3 scrolls of remove curse for 126 gold pieces
  7525 | D:8      | Bought a scroll of identify for 28 gold pieces
  7525 | D:8      | Identified the +1 scale mail of the Eternal Fruit {rElec rF+} (You found it on level 8 of the Dungeon)
  7574 | D:8      | Noticed TwistedFlax's ghost (novice GrBe)
  7579 | D:8      | Reached XP level 10. HP: 71/80 MP: 10/10
  7596 | D:8      | HP: 11/80 [TwistedFlax's ghost (20)]
  7601 | D:8      | HP: 12/80 [TwistedFlax's ghost (14)]
  8203 | D:8      | Reached skill level 8 in Fighting
  8510 | D:8      | Reached skill level 7 in Axes
  8510 | D:8      | Reached skill level 8 in Armour
  8607 | D:9      | Found a staircase to the Lair.
  9003 | D:9      | Reached * piety under Okawaru
  9003 | D:9      | Reached skill level 9 in Shields
  9101 | D:9      | HP: 16/82 [yak (8)]
  9542 | D:9      | Reached skill level 1 in Invocations
  9790 | Lair:1   | Entered Level 1 of the Lair of Beasts
  9824 | Lair:1   | Reached skill level 8 in Axes
  9841 | Lair:1   | Reached ** piety under Okawaru
  9841 | Lair:1   | Reached skill level 2 in Invocations
  9850 | Lair:1   | Reached skill level 9 in Fighting
 10187 | Lair:1   | Got a polished ring mail
 10266 | Lair:1   | Noticed a spiny frog
 10280 | Lair:1   | Killed a spiny frog
 10280 | Lair:1   | Reached XP level 11. HP: 77/89 MP: 12/12
 10350 | Lair:1   | Reached skill level 9 in Armour
 10350 | Lair:1   | Reached skill level 3 in Invocations
 10360 | Lair:1   | Reached skill level 10 in Shields
 10467 | Lair:1   | Reached *** piety under Okawaru
 11150 | Lair:2   | Reached skill level 9 in Axes
 11338 | Lair:2   | Reached skill level 4 in Invocations
 11496 | Lair:2   | HP: 22/89 [black mamba (1)]
 11500 | Lair:2   | HP: 6/89 [black mamba (6)]
 11846 | Lair:2   | Noticed a seven-headed hydra
 11858 | Lair:2   | HP: 17/89 [seven-headed hydra (8)]
 11859 | Lair:2   | HP: 6/89 [seven-headed hydra (4)]
 11860 | Lair:2   | Slain by a seven-headed hydra

Skill      XL: |  1  2  3  4  5  6  7  8  9 10 11 |
---------------+----------------------------------+-----
Shields        | 4 5 7 8 9 10 | 10.3
Axes           | 3 4 6 8 9 |  9.3
Fighting       | 4 5 7 9 |  9.5
Armour         | 4 5 6 7 8 9 |  9.3
Invocations    | 2 4 |  4.2

Action                   |  1- 3 |  4- 6 |  7- 9 | 10-12 || total
-------------------------+-------+-------+-------+-------++-------
Melee: War axe           |   115 |   167 |   380 |   412 ||  1074
       Flail             |       |       |       |    11 ||    11
Invok: Heroism           |       |       |       |     2 ||     2
  Use: Potion            |       |     1 |     3 |     5 ||     9
       Scroll            |       |       |    12 |       ||    12
  Eat: Chunk             |       |     6 |    12 |     1 ||    19
       Beef jerky        |       |       |     2 |     1 ||     3
       Royal jelly       |       |       |     1 |       ||     1
       Bread ration      |       |       |       |     2 ||     2
       Meat ration       |       |       |       |     1 ||     1
Armor: Scale mail        |    25 |       |       |       ||    25
       Plate armour      |    67 |   111 |   204 |   164 ||   546
Dodge: Dodged            |    41 |    37 |    75 |   109 ||   262
Block: Shield            |    74 |    86 |   213 |   227 ||   600

Vault maps used:
D:1:      ldierk_walled_garden_2
D:3:      yredelemnul_altar_generic, portal_sewer_entry_d, uniq_sigmund
D:4:      first_bread, small_statue_intersection
D:5:      wad_lake_hut, enter_ossuary_4, uniq_edmund
D:6:      serial_shops, shop, uniq_crazy_yiuf_cottage
D:7:      gammafunk_temple_overflow_elements, serial_shops, shop, shop, shop,
          nicolae_shop_statue_plus, grunt_ogre_cave
D:8:      serial_shops, shop
D:9:      lair_0_dummy, minivault_25_ag
Temple:   dpeg_five_rooms_temple
Lair:1:   minivault_24, grunt_megastairs_4
Lair:2:   grunt_megastairs_1
Sewer:    sewer_kobolds

Table legend:
 A = Turns spent in this place as a percentage of turns spent in the entire game.
 B = Non-inter-level travel turns spent in this place as a percentage of non-inter-level travel turns spent in the entire game.
 C = Inter-level travel turns spent in this place as a percentage of turns spent in this place.
 D = Turns resting spent in this place as a percentage of non-inter-level travel turns spent in this place.
 E = Turns spent auto-exploring this place as a percentage of non-inter-level travel turns spent in this place.
 F = Non-inter-level travel turns spent in this place divided by the number of levels of this place that you've seen.
                   A       B       C       D       E      F
               +-------+-------+-------+-------+-------+----------------------
         Total | 100.0 | 100.0 |   0.5 |   3.5 |  11.6 | 196.7
       Dungeon |  83.2 |  83.1 |   0.5 |   3.2 |  11.8 | 236.2
        Temple |   0.7 |   0.7 |   5.6 |   0.0 |  47.1 |  17.0
          Lair |  13.6 |  13.6 |   0.3 |   6.0 |   9.2 | 174.5
         Sewer |   2.5 |   2.5 |   0.0 |   0.0 |   7.7 |  65.0
               +-------+-------+-------+-------+-------+----------------------

Table legend:
 A = Kills in this place as a percentage of kills in entire the game.
 B = Kills by you in this place as a percentage of kills by you in the entire game.
 C = Kills by friends in this place as a percentage of kills by friends in the entire game.
 D = Other kills in this place as a percentage of other kills in the entire game.
 E = Experience gained in this place as a percentage of experience gained in the entire game.
 F = Experience gained in this place divided by the number of levels of this place that you have seen.
                   A       B       C       D       E      F
               +-------+-------+-------+-------+-------+----------------------
         Total | 100.0 | 100.0 |  -nan |  -nan | 100.0 | 839.6
       Dungeon |  85.4 |  85.4 |  -nan |  -nan |  54.4 | 659.8
          Lair |   9.6 |   9.6 |  -nan |  -nan |  44.4 | 2425.5
         Sewer |   5.1 |   5.1 |  -nan |  -nan |   1.2 | 126.0
               +-------+-------+-------+-------+-------+----------------------
